[ AOE2 MATCH · #507370633 ]
UnrankedIncas vs Byzantines
[ REPLAY ANALYSIS · EXTRACTED FROM THE RECORDED GAME ]
Feudal
11:21
Castle
18:37
Imperial
—
| APM avg | 29.5 |
| APM peak | 73 |
| eAPM avg | 15.7 |
| Villagers / military | 137 / 3 |
Focus
⚔️ 21.8% · 🌾 78.2%
Monk ×2 · Spearman ×1
Feudal
9:35
Castle
14:02
Imperial
—
| APM avg | 67.4 |
| APM peak | 138 |
| eAPM avg | 18.3 |
| Villagers / military | 89 / 18 |
Focus
⚔️ 30.1% · 🌾 69.9%
Mangonel ×6 · Scorpion ×6 · Spearman ×6
Feudal
11:21
Castle
15:16
Imperial
—
| APM avg | 74.2 |
| APM peak | 131 |
| eAPM avg | 43.5 |
| Villagers / military | 75 / 0 |
Focus
⚔️ 65.0% · 🌾 35.0%
Unknown (1968) ×41
Feudal
10:37
Castle
14:50
Imperial
—
| APM avg | 41.1 |
| APM peak | 90 |
| eAPM avg | 22.8 |
| Villagers / military | 165 / 38 |
Focus
⚔️ 29.1% · 🌾 70.9%
Knight ×38
Feudal
9:35
Castle
24:10
Imperial
—
| APM avg | 55.4 |
| APM peak | 121 |
| eAPM avg | 17.6 |
| Villagers / military | 65 / 31 |
Focus
⚔️ 29.7% · 🌾 70.3%
Scout Cavalry ×30 · Monk ×1
Feudal
11:29
Castle
15:15
Imperial
—
| APM avg | 34.8 |
| APM peak | 78 |
| eAPM avg | 13.8 |
| Villagers / military | 52 / 32 |
Focus
⚔️ 41.3% · 🌾 58.7%
Steppe Lancer ×32
Feudal
8:16
Castle
19:35
Imperial
—
| APM avg | 55.9 |
| APM peak | 134 |
| eAPM avg | 24.7 |
| Villagers / military | 110 / 12 |
Focus
⚔️ 40.2% · 🌾 59.8%
Battle Elephant ×9 · Mangonel ×3
Feudal
9:27
Castle
24:20
Imperial
—
| APM avg | 39.4 |
| APM peak | 60 |
| eAPM avg | 17.1 |
| Villagers / military | 65 / 66 |
Focus
⚔️ 46.9% · 🌾 53.1%
Archer ×64 · Rattan Archer ×2
Match map
Initial resources + every placement click. Lines = walls · curves = elevation contours. ◆ gold · ⬟ stone · ● berries · ✦ relic · ◌ wall gap
Your base· ✓ Closed at 18:37 · 117t walls · 2 gate(s)
boo's base· Open — opponent sealed themselves in
[SotC] Spirit's base· ✓ Closed at 15:16 · 0t walls · no gate
Fabrizio 094455's base· Open — opponent sealed themselves in
Astronomical's base· ✓ Closed at 24:10 · 94t walls · 2 gate(s)
no chat bad language's base· Open — opponent sealed themselves in
RexMachina™'s base· ✓ Closed at 19:35 · 69t walls · 2 gate(s)
[SotC] Gandalf's base· ✓ Closed at 24:20 · 0t walls · 1 gate(s)
Smoothed initial terrain · ◌ = detected wall gap · hover for details
Inputs per minute
— Azulazar - - boo
Build order — Azulazar
First 150 of 249 actions detected
| 0:01 | Queue | Villager (Male) |
| 0:01 | Queue | Villager (Male) |
| 0:03 | Build | House |
| 0:04 | Build | House |
| 0:30 | Queue | Villager (Male) |
| 0:31 | Queue | Villager (Male) |
| 1:14 | Queue | Villager (Male) |
| 1:15 | Queue | Villager (Male) |
| 1:53 | Queue | Villager (Male) |
| 1:53 | Queue | Villager (Male) |
| 2:22 | Queue | Villager (Male) |
| 2:22 | Queue | Villager (Male) |
| 2:23 | Queue | Villager (Male) |
| 2:23 | Queue | Villager (Male) |
| 2:43 | Build | Settlement |
| 3:03 | Queue | Villager (Male) |
| 3:03 | Queue | Villager (Male) |
| 3:27 | Queue | Villager (Male) |
| 3:27 | Queue | Villager (Male) |
| 3:28 | Queue | Villager (Male) |
| 4:28 | Queue | Villager (Male) |
| 4:28 | Queue | Villager (Male) |
| 4:29 | Queue | Villager (Male) |
| 4:45 | Build | Palisade Wall |
| 4:50 | Build | Palisade Wall |
| 5:02 | Queue | Villager (Male) |
| 5:04 | Queue | Villager (Male) |
| 5:04 | Queue | Villager (Male) |
| 6:03 | Queue | Villager (Male) |
| 6:03 | Queue | Villager (Male) |
| 6:22 | Queue | Villager (Male) |
| 6:22 | Queue | Villager (Male) |
| 6:22 | Queue | Villager (Male) |
| 6:53 | Queue | Villager (Male) |
| 6:53 | Queue | Villager (Male) |
| 7:04 | Build | Palisade Wall |
| 7:33 | Queue | Villager (Male) |
| 8:01 | Research | Loom |
| 8:02 | Queue | Villager (Male) |
| 8:12 | Build | Palisade Wall |
| 8:40 | Queue | Villager (Male) |
| 8:54 | Research | Feudal Age |
| 9:15 | Build | Settlement |
| 9:30 | Queue | Villager (Male) |
| 9:30 | Queue | Villager (Male) |
| 10:09 | Build | Settlement |
| 10:12 | Build | Settlement |
| 11:21 | Age | Feudal Age |
| 11:49 | Queue | Villager (Male) |
| 11:55 | Build | Market |
| 11:58 | Build | Stone Wall |
| 12:01 | Build | Stone Wall |
| 12:03 | Queue | Villager (Male) |
| 12:07 | Build | Stone Wall |
| 12:20 | Build | Blacksmith |
| 12:24 | Build | Gate |
| 12:40 | Queue | Villager (Male) |
| 13:27 | Queue | Villager (Male) |
| 13:27 | Queue | Villager (Male) |
| 13:40 | Queue | Villager (Male) |
| 13:40 | Queue | Villager (Male) |
| 14:18 | Queue | Villager (Male) |
| 14:34 | Build | Farm |
| 14:35 | Build | Farm |
| 14:38 | Build | Farm |
| 14:41 | Build | Farm |
| 14:43 | Build | Farm |
| 14:46 | Build | Farm |
| 14:51 | Queue | Villager (Male) |
| 14:56 | Build | Gate |
| 15:47 | Research | Castle Age |
| 16:18 | Build | Stone Wall |
| 16:21 | Build | Stone Wall |
| 16:29 | Build | Stone Wall |
| 16:52 | Research | Double-Bit Axe |
| 16:53 | Research | Horse Collar |
| 17:22 | Queue | Villager (Male) |
| 17:23 | Queue | Villager (Male) |
| 18:37 | Age | Castle Age |
| 18:39 | Build | Town Center |
| 18:52 | Queue | Villager (Male) |
| 19:10 | Build | Town Center |
| 19:28 | Build | Stone Wall |
| 19:34 | Queue | Villager (Male) |
| 19:34 | Queue | Villager (Male) |
| 19:39 | Research | Bow Saw |
| 19:54 | Queue | Villager (Male) |
| 19:54 | Queue | Villager (Male) |
| 20:01 | Queue | Villager (Male) |
| 20:02 | Queue | Villager (Male) |
| 20:38 | Build | Farm |
| 20:39 | Build | Farm |
| 20:40 | Build | Farm |
| 20:41 | Build | Farm |
| 20:45 | Queue | Villager (Male) |
| 20:45 | Queue | Villager (Male) |
| 20:45 | Queue | Villager (Male) |
| 21:08 | Build | Farm |
| 21:08 | Build | Farm |
| 21:08 | Build | Farm |
| 21:09 | Build | Farm |
| 21:09 | Build | Farm |
| 21:09 | Build | Farm |
| 21:09 | Build | Farm |
| 21:10 | Build | Farm |
| 21:15 | Queue | Villager (Male) |
| 21:15 | Queue | Villager (Male) |
| 21:15 | Queue | Villager (Male) |
| 21:16 | Queue | Villager (Male) |
| 21:17 | Queue | Villager (Male) |
| 21:17 | Queue | Villager (Male) |
| 21:32 | Build | Stone Wall |
| 21:35 | Build | Stone Wall |
| 21:39 | Research | Town Watch |
| 21:44 | Build | Farm |
| 21:45 | Build | Farm |
| 21:56 | Queue | Villager (Male) |
| 21:56 | Queue | Villager (Male) |
| 21:56 | Queue | Villager (Male) |
| 22:03 | Build | Farm |
| 22:06 | Build | Farm |
| 22:07 | Build | Farm |
| 22:08 | Queue | Villager (Male) |
| 22:08 | Queue | Villager (Male) |
| 22:17 | Queue | Villager (Male) |
| 22:17 | Queue | Villager (Male) |
| 22:20 | Build | Farm |
| 22:26 | Queue | Villager (Male) |
| 22:26 | Queue | Villager (Male) |
| 22:37 | Build | Outpost |
| 22:39 | Build | Outpost |
| 22:41 | Queue | Villager (Male) |
| 22:41 | Queue | Villager (Male) |
| 22:41 | Queue | Villager (Male) |
| 22:41 | Queue | Villager (Male) |
| 22:43 | Build | Farm |
| 22:44 | Build | Farm |
| 22:44 | Build | Farm |
| 22:44 | Build | Farm |
| 22:44 | Build | Farm |
| 22:45 | Build | Farm |
| 22:45 | Build | Farm |
| 22:45 | Build | Farm |
| 22:48 | Queue | Villager (Male) |
| 22:48 | Queue | Villager (Male) |
| 22:54 | Build | Stone Wall |
| 23:06 | Build | Settlement |
| 23:09 | Queue | Villager (Male) |
| 23:09 | Queue | Villager (Male) |
| 23:14 | Build | Outpost |
Build order — boo
First 150 of 187 actions detected
| 0:01 | Queue | Villager (Male) |
| 0:01 | Queue | Villager (Male) |
| 0:01 | Queue | Villager (Male) |
| 0:03 | Build | House |
| 0:05 | Build | House |
| 0:25 | Queue | Villager (Male) |
| 1:34 | Queue | Villager (Male) |
| 1:55 | Queue | Villager (Male) |
| 2:09 | Build | Lumber Camp |
| 2:34 | Queue | Villager (Male) |
| 2:34 | Queue | Villager (Male) |
| 3:10 | Queue | Villager (Male) |
| 3:14 | Build | House |
| 3:27 | Queue | Villager (Male) |
| 4:00 | Queue | Villager (Male) |
| 4:42 | Queue | Villager (Male) |
| 4:42 | Queue | Villager (Male) |
| 5:15 | Build | House |
| 5:22 | Queue | Villager (Male) |
| 5:56 | Queue | Villager (Male) |
| 5:56 | Queue | Villager (Male) |
| 5:56 | Queue | Villager (Male) |
| 6:47 | Build | Mill |
| 7:25 | Research | Feudal Age |
| 9:34 | Queue | Villager (Male) |
| 9:35 | Age | Feudal Age |
| 9:41 | Build | Market |
| 9:44 | Build | Blacksmith |
| 9:51 | Queue | Villager (Male) |
| 10:24 | Queue | Villager (Male) |
| 10:51 | Queue | Villager (Male) |
| 11:22 | Research | Castle Age |
| 11:55 | Build | Mining Camp |
| 12:04 | Research | Double-Bit Axe |
| 12:28 | Queue | Villager (Male) |
| 12:56 | Build | House |
| 13:04 | Build | House |
| 13:12 | Build | Barracks |
| 13:35 | Queue | Villager (Male) |
| 13:57 | Queue | Villager (Male) |
| 14:02 | Age | Castle Age |
| 14:13 | Build | Town Center |
| 14:17 | Queue | Villager (Male) |
| 14:28 | Queue | Spearman |
| 14:46 | Queue | Villager (Male) |
| 14:55 | Build | Monastery |
| 14:58 | Queue | Villager (Male) |
| 14:59 | Queue | Villager (Male) |
| 14:59 | Queue | Villager (Male) |
| 15:06 | Queue | Villager (Male) |
| 15:06 | Queue | Villager (Male) |
| 15:27 | Queue | Villager (Male) |
| 15:27 | Queue | Villager (Male) |
| 15:28 | Queue | Villager (Male) |
| 15:47 | Build | Monastery |
| 15:52 | Queue | Villager (Male) |
| 15:53 | Queue | Villager (Male) |
| 15:59 | Build | Farm |
| 15:59 | Build | Farm |
| 15:59 | Build | Farm |
| 16:00 | Build | Farm |
| 16:00 | Build | Farm |
| 16:13 | Build | House |
| 16:25 | Build | Siege Workshop |
| 16:27 | Queue | Villager (Male) |
| 16:30 | Research | Loom |
| 16:33 | Build | House |
| 16:40 | Build | House |
| 16:44 | Build | House |
| 17:07 | Queue | Scorpion |
| 17:13 | Build | Farm |
| 17:14 | Queue | Villager (Male) |
| 17:15 | Queue | Villager (Male) |
| 17:15 | Queue | Villager (Male) |
| 17:26 | Build | Palisade Wall |
| 17:29 | Queue | Villager (Male) |
| 17:34 | Build | Farm |
| 17:35 | Build | House |
| 17:38 | Build | Palisade Wall |
| 17:59 | Build | Farm |
| 18:00 | Queue | Villager (Male) |
| 18:08 | Build | Farm |
| 18:26 | Build | Farm |
| 18:36 | Build | Farm |
| 18:40 | Queue | Villager (Male) |
| 18:40 | Queue | Villager (Male) |
| 18:40 | Queue | Villager (Male) |
| 18:50 | Queue | Scorpion |
| 18:53 | Build | Farm |
| 18:54 | Build | Farm |
| 18:55 | Build | Farm |
| 19:07 | Queue | Spearman |
| 19:07 | Queue | Spearman |
| 19:30 | Queue | Spearman |
| 19:36 | Build | Barracks |
| 19:47 | Build | Farm |
| 19:51 | Queue | Scorpion |
| 19:54 | Queue | Villager (Male) |
| 19:58 | Build | Palisade Wall |
| 20:18 | Queue | Scorpion |
| 20:20 | Queue | Villager (Male) |
| 20:24 | Build | House |
| 20:30 | Build | House |
| 20:41 | Queue | Villager (Male) |
| 20:41 | Queue | Villager (Male) |
| 21:04 | Queue | Villager (Male) |
| 21:08 | Build | House |
| 21:09 | Build | Farm |
| 21:16 | Queue | Villager (Male) |
| 21:18 | Build | Archery Range |
| 21:20 | Build | Archery Range |
| 21:40 | Queue | Villager (Male) |
| 21:43 | Build | Mining Camp |
| 22:07 | Queue | Villager (Male) |
| 22:10 | Queue | Scorpion |
| 22:12 | Queue | Villager (Male) |
| 22:25 | Queue | Villager (Male) |
| 22:26 | Queue | Villager (Male) |
| 22:37 | Build | Siege Workshop |
| 22:41 | Build | Palisade Wall |
| 22:45 | Queue | Villager (Male) |
| 22:46 | Queue | Villager (Male) |
| 22:53 | Queue | Villager (Male) |
| 23:04 | Build | Farm |
| 23:05 | Build | Farm |
| 23:05 | Build | Farm |
| 23:05 | Build | Farm |
| 23:06 | Build | Farm |
| 23:21 | Queue | Villager (Male) |
| 23:24 | Queue | Mangonel |
| 23:24 | Queue | Mangonel |
| 23:36 | Build | Lumber Camp |
| 23:37 | Queue | Villager (Male) |
| 23:54 | Queue | Villager (Male) |
| 24:02 | Queue | Villager (Male) |
| 24:25 | Queue | Villager (Male) |
| 24:25 | Queue | Villager (Male) |
| 24:27 | Build | Palisade Gate |
| 24:32 | Queue | Villager (Male) |
| 24:33 | Queue | Villager (Male) |
| 24:36 | Build | House |
| 24:38 | Build | House |
| 24:45 | Queue | Villager (Male) |
| 24:48 | Queue | Mangonel |
| 24:57 | Queue | Villager (Male) |
| 24:57 | Queue | Villager (Male) |
| 24:58 | Build | House |
| 24:58 | Build | House |
| 24:59 | Build | House |
| 25:05 | Queue | Spearman |
Build order — [SotC] Spirit
First 150 of 185 actions detected
| 0:01 | Queue | Villager (Male) |
| 0:01 | Queue | Villager (Male) |
| 0:01 | Queue | Villager (Male) |
| 0:02 | Build | House |
| 0:04 | Build | House |
| 0:11 | Queue | Villager (Male) |
| 1:11 | Queue | Villager (Male) |
| 1:40 | Queue | Villager (Male) |
| 2:01 | Queue | Villager (Male) |
| 2:11 | Build | Lumber Camp |
| 2:31 | Queue | Villager (Male) |
| 3:09 | Queue | Villager (Male) |
| 3:19 | Queue | Villager (Male) |
| 3:53 | Build | House |
| 3:55 | Build | House |
| 4:01 | Queue | Villager (Male) |
| 4:02 | Queue | Villager (Male) |
| 4:40 | Queue | Villager (Male) |
| 4:40 | Queue | Villager (Male) |
| 4:41 | Queue | Villager (Male) |
| 4:42 | Queue | Villager (Male) |
| 5:22 | Queue | Villager (Male) |
| 5:50 | Queue | Villager (Male) |
| 6:24 | Build | Mill |
| 6:31 | Queue | Villager (Male) |
| 7:04 | Queue | Villager (Male) |
| 7:19 | Queue | Villager (Male) |
| 7:26 | Build | House |
| 7:27 | Build | House |
| 7:45 | Queue | Villager (Male) |
| 8:08 | Build | Mining Camp |
| 8:14 | Build | Mining Camp |
| 8:18 | Queue | Villager (Male) |
| 8:25 | Research | Loom |
| 8:27 | Research | Feudal Age |
| 9:11 | Queue | Villager (Male) |
| 9:11 | Queue | Villager (Male) |
| 11:21 | Age | Feudal Age |
| 11:35 | Build | Market |
| 11:37 | Build | Blacksmith |
| 11:48 | Queue | Villager (Male) |
| 12:31 | Research | Castle Age |
| 12:32 | Research | Castle Age |
| 13:07 | Research | Double-Bit Axe |
| 13:19 | Research | Horse Collar |
| 14:56 | Queue | Villager (Male) |
| 15:05 | Build | Farm |
| 15:06 | Build | Farm |
| 15:07 | Build | Farm |
| 15:11 | Build | Farm |
| 15:12 | Build | Farm |
| 15:16 | Age | Castle Age |
| 15:19 | Queue | Villager (Male) |
| 15:20 | Build | Farm |
| 15:32 | Build | Castle |
| 15:38 | Research | Fletching |
| 15:43 | Build | Farm |
| 15:43 | Build | Farm |
| 15:57 | Queue | Villager (Male) |
| 15:59 | Build | House |
| 16:00 | Build | House |
| 16:10 | Build | Farm |
| 16:39 | Queue | Villager (Male) |
| 16:42 | Build | Farm |
| 16:51 | Queue | Villager (Male) |
| 16:54 | Research | Bodkin Arrow |
| 17:04 | Queue | Villager (Male) |
| 17:14 | Queue | Unit 1968 |
| 17:14 | Queue | Unit 1968 |
| 17:16 | Queue | Villager (Male) |
| 17:26 | Queue | Villager (Male) |
| 17:32 | Build | Lumber Camp |
| 17:47 | Queue | Unit 1968 |
| 17:58 | Queue | Unit 1968 |
| 17:59 | Queue | Villager (Male) |
| 18:21 | Queue | Unit 1968 |
| 18:28 | Queue | Unit 1968 |
| 18:30 | Queue | Villager (Male) |
| 18:41 | Queue | Villager (Male) |
| 19:01 | Queue | Unit 1968 |
| 19:14 | Build | University |
| 19:16 | Queue | Villager (Male) |
| 19:19 | Queue | Unit 1968 |
| 19:27 | Queue | Unit 1968 |
| 19:34 | Queue | Villager (Male) |
| 19:58 | Queue | Unit 1968 |
| 20:05 | Research | Bow Saw |
| 20:11 | Queue | Unit 1968 |
| 20:19 | Research | Padded Archer Armor |
| 20:20 | Queue | Villager (Male) |
| 20:24 | Queue | Unit 1968 |
| 20:30 | Queue | Villager (Male) |
| 20:49 | Queue | Unit 1968 |
| 20:53 | Queue | Villager (Male) |
| 20:58 | Build | Farm |
| 20:59 | Build | Farm |
| 20:59 | Build | Farm |
| 21:06 | Queue | Unit 1968 |
| 21:17 | Queue | Unit 1968 |
| 21:43 | Queue | Villager (Male) |
| 21:48 | Research | Ballistics |
| 21:58 | Queue | Villager (Male) |
| 22:05 | Queue | Villager (Male) |
| 22:10 | Queue | Villager (Male) |
| 22:14 | Queue | Villager (Male) |
| 22:24 | Queue | Villager (Male) |
| 22:29 | Build | Castle |
| 22:35 | Research | Wheelbarrow |
| 22:38 | Queue | Unit 1968 |
| 22:45 | Build | House |
| 22:45 | Build | House |
| 22:46 | Build | House |
| 22:46 | Build | House |
| 22:51 | Build | House |
| 22:52 | Research | Gold Mining |
| 22:56 | Queue | Unit 1968 |
| 23:00 | Queue | Villager (Male) |
| 23:04 | Build | House |
| 23:05 | Build | House |
| 23:05 | Build | House |
| 23:05 | Build | House |
| 23:16 | Queue | Unit 1968 |
| 23:21 | Queue | Unit 1968 |
| 23:50 | Queue | Unit 1968 |
| 23:56 | Build | House |
| 23:58 | Build | Market |
| 24:03 | Queue | Unit 1968 |
| 24:32 | Queue | Villager (Male) |
| 24:40 | Queue | Unit 1968 |
| 24:50 | Queue | Villager (Male) |
| 24:53 | Build | Town Center |
| 24:53 | Queue | Villager (Male) |
| 25:00 | Queue | Unit 1968 |
| 25:30 | Build | Castle |
| 25:50 | Queue | Villager (Male) |
| 25:53 | Queue | Villager (Male) |
| 26:02 | Queue | Villager (Male) |
| 26:02 | Queue | Villager (Male) |
| 26:03 | Queue | Villager (Male) |
| 26:06 | Research | Stone Mining |
| 26:12 | Build | Mining Camp |
| 26:33 | Queue | Unit 1968 |
| 26:33 | Queue | Unit 1968 |
| 26:37 | Queue | Villager (Male) |
| 26:44 | Queue | Unit 1968 |
| 26:44 | Queue | Unit 1968 |
| 26:46 | Queue | Villager (Male) |
| 26:47 | Research | Gold Shaft Mining |
| 26:56 | Queue | Villager (Male) |
| 26:58 | Queue | Unit 1968 |
Build order — Fabrizio 094455
First 150 of 354 actions detected
| 0:01 | Queue | Villager (Male) |
| 0:01 | Queue | Villager (Male) |
| 0:02 | Queue | Villager (Male) |
| 0:04 | Build | House |
| 0:06 | Build | House |
| 0:08 | Queue | Villager (Male) |
| 0:08 | Queue | Villager (Male) |
| 1:29 | Queue | Villager (Male) |
| 1:49 | Build | Lumber Camp |
| 1:55 | Queue | Villager (Male) |
| 2:23 | Queue | Villager (Male) |
| 2:23 | Queue | Villager (Male) |
| 2:35 | Queue | Villager (Male) |
| 3:08 | Queue | Villager (Male) |
| 3:22 | Build | House |
| 3:34 | Queue | Villager (Male) |
| 4:17 | Queue | Villager (Male) |
| 4:18 | Queue | Villager (Male) |
| 4:18 | Queue | Villager (Male) |
| 4:38 | Queue | Villager (Male) |
| 4:53 | Queue | Villager (Male) |
| 4:58 | Build | Mill |
| 5:46 | Queue | Villager (Male) |
| 5:54 | Build | Palisade Wall |
| 6:04 | Build | Palisade Wall |
| 6:12 | Queue | Villager (Male) |
| 6:13 | Queue | Villager (Male) |
| 6:18 | Queue | Villager (Male) |
| 6:24 | Build | Palisade Wall |
| 6:27 | Queue | Villager (Male) |
| 6:48 | Queue | Villager (Male) |
| 6:57 | Queue | Villager (Male) |
| 7:00 | Queue | Villager (Male) |
| 7:00 | Queue | Villager (Male) |
| 7:03 | Build | Palisade Wall |
| 8:05 | Build | Mining Camp |
| 8:12 | Research | Feudal Age |
| 8:36 | Build | Palisade Gate |
| 8:53 | Build | Farm |
| 9:30 | Build | House |
| 10:04 | Queue | Villager (Male) |
| 10:05 | Queue | Villager (Male) |
| 10:37 | Age | Feudal Age |
| 10:44 | Build | Market |
| 10:54 | Build | Blacksmith |
| 11:18 | Build | Palisade Wall |
| 11:30 | Queue | Villager (Male) |
| 11:35 | Build | Farm |
| 11:36 | Build | Farm |
| 12:10 | Research | Castle Age |
| 12:51 | Research | Double-Bit Axe |
| 12:59 | Research | Horse Collar |
| 13:45 | Queue | Villager (Male) |
| 14:16 | Build | Palisade Wall |
| 14:21 | Queue | Villager (Male) |
| 14:36 | Build | Stone Wall |
| 14:47 | Build | Stone Wall |
| 14:50 | Age | Castle Age |
| 14:52 | Queue | Villager (Male) |
| 14:56 | Build | Town Center |
| 14:58 | Research | Bow Saw |
| 15:01 | Queue | Villager (Male) |
| 15:06 | Build | Town Center |
| 15:24 | Queue | Villager (Male) |
| 15:30 | Build | Farm |
| 15:32 | Build | Farm |
| 15:45 | Queue | Villager (Male) |
| 16:13 | Build | House |
| 16:24 | Research | Wheelbarrow |
| 16:31 | Build | Farm |
| 16:34 | Build | Farm |
| 16:35 | Queue | Villager (Male) |
| 16:55 | Queue | Villager (Male) |
| 16:58 | Queue | Villager (Male) |
| 17:03 | Build | Stone Wall |
| 17:04 | Build | Stone Wall |
| 17:07 | Queue | Villager (Male) |
| 17:07 | Queue | Villager (Male) |
| 17:24 | Queue | Villager (Male) |
| 17:48 | Queue | Villager (Male) |
| 17:49 | Queue | Villager (Male) |
| 18:01 | Build | Stone Wall |
| 18:02 | Queue | Villager (Male) |
| 18:05 | Build | House |
| 18:06 | Build | House |
| 18:08 | Queue | Villager (Male) |
| 18:12 | Build | Town Center |
| 18:39 | Build | House |
| 18:42 | Build | Farm |
| 18:43 | Queue | Villager (Male) |
| 18:43 | Queue | Villager (Male) |
| 18:59 | Queue | Villager (Male) |
| 19:16 | Build | House |
| 19:22 | Queue | Villager (Male) |
| 19:27 | Build | Stone Wall |
| 19:34 | Queue | Villager (Male) |
| 19:42 | Build | Mill |
| 19:46 | Build | Farm |
| 19:46 | Build | Farm |
| 19:46 | Build | Farm |
| 19:46 | Build | Farm |
| 19:47 | Build | Farm |
| 19:49 | Queue | Villager (Male) |
| 19:49 | Queue | Villager (Male) |
| 19:52 | Build | Farm |
| 19:54 | Queue | Villager (Male) |
| 19:54 | Queue | Villager (Male) |
| 19:59 | Build | House |
| 20:06 | Build | Stone Wall |
| 20:12 | Build | Gate |
| 20:13 | Queue | Villager (Male) |
| 20:13 | Queue | Villager (Male) |
| 20:21 | Build | Stone Wall |
| 20:23 | Queue | Villager (Male) |
| 20:23 | Queue | Villager (Male) |
| 20:27 | Build | Farm |
| 20:33 | Build | House |
| 20:33 | Queue | Villager (Male) |
| 20:40 | Queue | Villager (Male) |
| 20:41 | Queue | Villager (Male) |
| 20:43 | Build | Mill |
| 20:44 | Build | Farm |
| 20:44 | Build | Farm |
| 20:44 | Build | Farm |
| 20:45 | Build | Farm |
| 20:45 | Build | Farm |
| 20:45 | Build | Farm |
| 20:47 | Queue | Villager (Male) |
| 20:50 | Build | Farm |
| 20:50 | Build | Farm |
| 20:50 | Build | Farm |
| 20:50 | Build | Farm |
| 20:53 | Queue | Villager (Male) |
| 20:53 | Queue | Villager (Male) |
| 20:58 | Build | Stone Wall |
| 21:08 | Queue | Villager (Male) |
| 21:08 | Queue | Villager (Male) |
| 21:14 | Build | House |
| 21:15 | Queue | Villager (Male) |
| 21:17 | Build | Farm |
| 21:22 | Queue | Villager (Male) |
| 21:25 | Queue | Villager (Male) |
| 21:25 | Queue | Villager (Male) |
| 21:26 | Queue | Villager (Male) |
| 21:26 | Queue | Villager (Male) |
| 21:26 | Queue | Villager (Male) |
| 21:29 | Build | Farm |
| 21:32 | Research | Loom |
| 21:33 | Research | Loom |
| 21:35 | Queue | Villager (Male) |
Build order — Astronomical
First 150 of 188 actions detected
| 0:01 | Queue | Villager (Male) |
| 0:01 | Queue | Villager (Male) |
| 0:01 | Queue | Villager (Male) |
| 0:02 | Queue | Villager (Male) |
| 0:02 | Build | House |
| 0:03 | Build | House |
| 1:34 | Queue | Villager (Male) |
| 1:34 | Queue | Villager (Male) |
| 2:00 | Build | Lumber Camp |
| 2:12 | Queue | Villager (Male) |
| 2:24 | Queue | Villager (Male) |
| 2:24 | Queue | Villager (Male) |
| 2:40 | Queue | Villager (Male) |
| 2:40 | Queue | Villager (Male) |
| 3:09 | Queue | Villager (Male) |
| 3:09 | Queue | Villager (Male) |
| 3:35 | Build | House |
| 3:40 | Queue | Villager (Male) |
| 4:04 | Queue | Villager (Male) |
| 4:09 | Build | Palisade Wall |
| 4:35 | Queue | Villager (Male) |
| 4:44 | Build | Mill |
| 4:53 | Build | Palisade Wall |
| 4:54 | Build | Palisade Wall |
| 5:07 | Queue | Villager (Male) |
| 5:33 | Queue | Villager (Male) |
| 5:47 | Build | House |
| 5:54 | Queue | Villager (Male) |
| 5:54 | Research | Loom |
| 6:49 | Queue | Villager (Male) |
| 7:12 | Build | Palisade Wall |
| 7:25 | Research | Feudal Age |
| 9:35 | Age | Feudal Age |
| 9:38 | Build | Stable |
| 9:42 | Queue | Villager (Male) |
| 9:42 | Queue | Villager (Male) |
| 9:43 | Research | Double-Bit Axe |
| 9:50 | Build | House |
| 10:07 | Build | Palisade Wall |
| 10:09 | Build | Palisade Wall |
| 10:11 | Queue | Scout Cavalry |
| 10:11 | Queue | Scout Cavalry |
| 10:14 | Queue | Villager (Male) |
| 10:20 | Build | House |
| 10:36 | Build | Palisade Gate |
| 10:52 | Queue | Villager (Male) |
| 10:53 | Queue | Scout Cavalry |
| 10:56 | Build | Palisade Wall |
| 11:03 | Build | Palisade Gate |
| 11:13 | Queue | Scout Cavalry |
| 11:20 | Queue | Scout Cavalry |
| 11:23 | Build | House |
| 11:24 | Build | House |
| 11:26 | Build | House |
| 11:33 | Build | Blacksmith |
| 11:34 | Queue | Villager (Male) |
| 11:57 | Research | Horse Collar |
| 11:58 | Queue | Villager (Male) |
| 12:14 | Build | Farm |
| 12:16 | Queue | Scout Cavalry |
| 12:24 | Build | Stone Wall |
| 12:27 | Queue | Villager (Male) |
| 12:30 | Build | House |
| 12:44 | Queue | Villager (Male) |
| 12:51 | Build | Farm |
| 12:53 | Queue | Villager (Male) |
| 12:56 | Build | Mining Camp |
| 13:07 | Queue | Scout Cavalry |
| 13:16 | Build | Farm |
| 13:33 | Build | Farm |
| 13:43 | Queue | Scout Cavalry |
| 13:44 | Queue | Villager (Male) |
| 13:57 | Build | Stone Wall |
| 14:25 | Queue | Villager (Male) |
| 14:25 | Queue | Villager (Male) |
| 14:29 | Build | Farm |
| 14:45 | Build | Stone Wall |
| 14:47 | Build | Stone Wall |
| 14:52 | Build | Farm |
| 14:55 | Build | Farm |
| 15:19 | Queue | Villager (Male) |
| 15:22 | Build | Farm |
| 15:25 | Build | Farm |
| 15:26 | Build | Farm |
| 15:29 | Build | Farm |
| 15:30 | Queue | Villager (Male) |
| 15:40 | Build | House |
| 15:46 | Research | Scale Barding Armor |
| 15:51 | Queue | Villager (Male) |
| 15:59 | Build | Farm |
| 15:59 | Build | Farm |
| 16:16 | Build | Mining Camp |
| 16:18 | Queue | Villager (Male) |
| 16:25 | Research | Forging |
| 16:39 | Queue | Villager (Male) |
| 17:09 | Queue | Villager (Male) |
| 17:26 | Build | Lumber Camp |
| 18:02 | Research | Wheelbarrow |
| 18:23 | Research | Bloodlines |
| 19:18 | Queue | Villager (Male) |
| 19:18 | Queue | Villager (Male) |
| 19:25 | Build | Market |
| 19:50 | Queue | Villager (Male) |
| 20:03 | Build | Lumber Camp |
| 20:34 | Queue | Villager (Male) |
| 20:34 | Queue | Villager (Male) |
| 20:37 | Queue | Scout Cavalry |
| 20:37 | Queue | Scout Cavalry |
| 21:30 | Research | Castle Age |
| 21:30 | Research | Castle Age |
| 22:28 | Build | Stable |
| 22:33 | Queue | Scout Cavalry |
| 22:38 | Research | Gold Mining |
| 22:43 | Build | House |
| 22:43 | Build | House |
| 22:55 | Queue | Scout Cavalry |
| 23:23 | Queue | Scout Cavalry |
| 23:34 | Build | House |
| 23:52 | Build | House |
| 24:10 | Age | Castle Age |
| 24:12 | Research | Light Cavalry (upgrade) |
| 24:13 | Research | Husbandry |
| 24:38 | Research | Town Watch |
| 24:42 | Build | House |
| 24:46 | Build | Town Center |
| 24:52 | Build | Stable |
| 25:05 | Queue | Villager (Male) |
| 25:06 | Queue | Villager (Male) |
| 25:11 | Build | Town Center |
| 25:19 | Research | Iron Casting |
| 25:34 | Queue | Scout Cavalry |
| 25:51 | Queue | Scout Cavalry |
| 25:52 | Queue | Villager (Male) |
| 25:53 | Queue | Villager (Male) |
| 26:14 | Queue | Villager (Male) |
| 26:38 | Queue | Scout Cavalry |
| 26:39 | Queue | Villager (Male) |
| 26:43 | Build | Monastery |
| 26:50 | Build | Farm |
| 26:52 | Build | Farm |
| 26:52 | Build | Farm |
| 26:52 | Build | Farm |
| 26:52 | Build | Farm |
| 26:53 | Build | Farm |
| 26:57 | Queue | Scout Cavalry |
| 26:57 | Queue | Scout Cavalry |
| 26:58 | Queue | Scout Cavalry |
| 26:58 | Queue | Villager (Male) |
| 26:58 | Queue | Villager (Male) |
| 26:59 | Queue | Villager (Male) |
Build order — no chat bad language
142 actions detected in the replay
| 0:02 | Queue | Villager (Male) ×4 |
| 0:05 | Build | House |
| 0:07 | Build | House |
| 1:46 | Queue | Villager (Male) ×2 |
| 2:04 | Queue | Villager (Male) |
| 2:22 | Build | Lumber Camp |
| 2:28 | Queue | Villager (Male) |
| 2:48 | Build | House |
| 2:53 | Queue | Villager (Male) |
| 3:17 | Queue | Villager (Male) |
| 3:31 | Queue | Villager (Male) |
| 3:51 | Queue | Villager (Male) |
| 4:16 | Queue | Villager (Male) |
| 4:44 | Queue | Villager (Male) |
| 4:53 | Build | Mill |
| 5:21 | Build | House |
| 5:30 | Build | Palisade Wall |
| 5:41 | Build | Palisade Wall |
| 5:46 | Queue | Villager (Male) |
| 5:51 | Queue | Villager (Male) |
| 5:54 | Research | Loom |
| 5:55 | Queue | Villager (Male) ×2 |
| 6:11 | Build | Palisade Wall |
| 6:13 | Queue | Villager (Male) |
| 6:35 | Queue | Villager (Male) |
| 7:12 | Queue | Villager (Male) |
| 7:31 | Build | Palisade Wall |
| 7:43 | Build | House |
| 7:59 | Build | Palisade Gate |
| 8:25 | Build | Palisade Wall |
| 8:28 | Queue | Villager (Male) |
| 8:29 | Queue | Villager (Male) |
| 9:10 | Build | Mining Camp |
| 9:19 | Research | Feudal Age |
| 10:26 | Build | Barracks |
| 11:29 | Age | Feudal Age |
| 11:31 | Build | Stable |
| 12:15 | Build | Blacksmith |
| 12:35 | Research | Castle Age |
| 13:04 | Research | Tech 1014 |
| 13:27 | Build | Pasture |
| 13:43 | Build | Stone Wall |
| 13:51 | Build | Stone Wall |
| 13:53 | Queue | Villager (Male) |
| 14:22 | Build | Pasture |
| 14:25 | Queue | Villager (Male) |
| 14:50 | Research | Double-Bit Axe |
| 15:03 | Build | Stone Wall |
| 15:07 | Build | Stone Wall |
| 15:13 | Build | Gate |
| 15:15 | Age | Castle Age |
| 15:27 | Build | Pasture |
| 15:49 | Queue | Steppe Lancer |
| 16:18 | Build | Pasture |
| 16:37 | Queue | Villager (Male) |
| 16:41 | Build | Pasture |
| 16:50 | Build | House |
| 16:59 | Queue | Steppe Lancer |
| 17:16 | Queue | Steppe Lancer |
| 17:24 | Build | Pasture |
| 17:29 | Queue | Steppe Lancer |
| 17:44 | Build | House |
| 17:46 | Build | House |
| 17:53 | Queue | Steppe Lancer |
| 17:59 | Queue | Villager (Male) |
| 18:07 | Build | Pasture |
| 18:16 | Queue | Villager (Male) |
| 18:47 | Queue | Steppe Lancer |
| 18:56 | Queue | Villager (Male) |
| 19:02 | Build | Pasture |
| 19:16 | Queue | Villager (Male) |
| 19:26 | Queue | Steppe Lancer |
| 19:40 | Queue | Steppe Lancer |
| 19:54 | Queue | Steppe Lancer |
| 19:59 | Queue | Villager (Male) |
| 20:16 | Build | Mining Camp |
| 20:22 | Queue | Steppe Lancer |
| 20:29 | Queue | Steppe Lancer |
| 20:30 | Queue | Villager (Male) |
| 20:37 | Build | House |
| 20:38 | Build | House |
| 20:54 | Queue | Steppe Lancer |
| 20:56 | Queue | Villager (Male) |
| 21:04 | Build | House |
| 21:06 | Build | House |
| 21:10 | Queue | Steppe Lancer |
| 21:27 | Queue | Villager (Male) |
| 21:33 | Queue | Steppe Lancer |
| 22:03 | Queue | Villager (Male) |
| 22:08 | Queue | Steppe Lancer |
| 22:08 | Queue | Steppe Lancer |
| 22:10 | Research | Forging |
| 22:20 | Queue | Villager (Male) |
| 22:20 | Queue | Villager (Male) |
| 22:22 | Build | House |
| 22:23 | Build | House |
| 22:31 | Build | Lumber Camp |
| 22:32 | Queue | Villager (Male) |
| 22:32 | Queue | Villager (Male) |
| 22:40 | Build | Pasture |
| 22:41 | Build | Pasture |
| 22:48 | Research | Scale Barding Armor |
| 22:56 | Queue | Villager (Male) |
| 23:10 | Queue | Steppe Lancer |
| 23:13 | Queue | Villager (Male) |
| 23:19 | Build | Town Center |
| 23:28 | Queue | Steppe Lancer |
| 23:39 | Queue | Steppe Lancer |
| 23:44 | Build | House |
| 23:44 | Build | House |
| 24:01 | Research | Gold Mining |
| 24:04 | Queue | Steppe Lancer |
| 24:05 | Queue | Villager (Male) |
| 24:15 | Queue | Villager (Male) |
| 24:37 | Build | Pasture |
| 24:41 | Queue | Villager (Male) |
| 24:44 | Queue | Steppe Lancer |
| 25:01 | Research | Husbandry |
| 25:04 | Queue | Villager (Male) |
| 25:17 | Queue | Steppe Lancer |
| 25:24 | Queue | Villager (Male) |
| 25:34 | Build | Pasture |
| 25:43 | Queue | Steppe Lancer |
| 26:00 | Queue | Steppe Lancer |
| 26:00 | Queue | Steppe Lancer |
| 26:08 | Queue | Steppe Lancer |
| 26:22 | Queue | Steppe Lancer |
| 26:42 | Queue | Steppe Lancer |
| 26:44 | Queue | Villager (Male) |
| 26:46 | Research | Wheelbarrow |
| 26:49 | Build | Pasture |
| 26:59 | Queue | Villager (Male) |
| 27:00 | Queue | Villager (Male) |
| 27:21 | Research | Bow Saw |
| 27:49 | Queue | Steppe Lancer |
| 28:55 | Build | Stable |
| 28:59 | Queue | Villager (Male) |
| 29:00 | Queue | Villager (Male) |
| 29:00 | Queue | Villager (Male) |
| 29:29 | Queue | Steppe Lancer |
| 29:29 | Queue | Steppe Lancer |
| 29:29 | Queue | Steppe Lancer |
Build order — RexMachina™
First 150 of 272 actions detected
| 0:01 | Queue | Villager (Male) |
| 0:02 | Build | House |
| 0:03 | Build | House |
| 0:15 | Queue | Villager (Male) |
| 0:34 | Queue | Villager (Male) |
| 0:42 | Queue | Villager (Male) |
| 1:24 | Queue | Villager (Male) |
| 1:49 | Queue | Villager (Male) |
| 2:04 | Build | Lumber Camp |
| 2:25 | Queue | Villager (Male) |
| 2:25 | Queue | Villager (Male) |
| 2:47 | Queue | Villager (Male) |
| 2:59 | Build | Palisade Wall |
| 3:14 | Queue | Villager (Male) |
| 3:46 | Queue | Villager (Male) |
| 3:46 | Queue | Villager (Male) |
| 3:46 | Queue | Villager (Male) |
| 4:05 | Build | House |
| 4:06 | Build | House |
| 4:31 | Queue | Villager (Male) |
| 4:31 | Queue | Villager (Male) |
| 4:32 | Queue | Villager (Male) |
| 4:40 | Queue | Villager (Male) |
| 5:12 | Build | Palisade Wall |
| 5:40 | Build | Mill |
| 5:47 | Build | Palisade Wall |
| 6:07 | Queue | Villager (Male) |
| 6:09 | Research | Loom |
| 6:58 | Research | Feudal Age |
| 6:58 | Research | Feudal Age |
| 6:58 | Research | Feudal Age |
| 7:13 | Build | Palisade Wall |
| 7:41 | Queue | Villager (Male) |
| 7:41 | Queue | Villager (Male) |
| 8:05 | Queue | Villager (Male) |
| 8:14 | Build | Palisade Wall |
| 8:16 | Age | Feudal Age |
| 8:33 | Build | Stone Wall |
| 9:00 | Queue | Villager (Male) |
| 9:01 | Research | Double-Bit Axe |
| 9:05 | Research | Horse Collar |
| 9:16 | Queue | Villager (Male) |
| 9:21 | Build | House |
| 9:33 | Queue | Villager (Male) |
| 9:46 | Build | Stone Wall |
| 9:51 | Build | Stone Wall |
| 9:53 | Build | Stone Wall |
| 10:18 | Build | Stone Wall |
| 10:31 | Queue | Villager (Male) |
| 10:48 | Queue | Villager (Male) |
| 11:14 | Build | Farm |
| 11:14 | Build | Farm |
| 11:15 | Build | Farm |
| 11:15 | Build | Farm |
| 11:15 | Build | Farm |
| 11:16 | Build | Farm |
| 11:16 | Build | Farm |
| 11:18 | Queue | Villager (Male) |
| 11:18 | Queue | Villager (Male) |
| 11:28 | Build | Stone Wall |
| 11:29 | Build | Stone Wall |
| 11:37 | Build | Stone Wall |
| 12:06 | Queue | Villager (Male) |
| 12:13 | Build | House |
| 12:16 | Build | House |
| 12:27 | Build | Mining Camp |
| 12:50 | Queue | Villager (Male) |
| 12:51 | Queue | Villager (Male) |
| 12:57 | Queue | Villager (Male) |
| 13:00 | Build | Farm |
| 13:15 | Build | House |
| 13:22 | Build | Stone Wall |
| 13:45 | Queue | Villager (Male) |
| 13:48 | Build | Farm |
| 13:50 | Build | Farm |
| 14:00 | Build | House |
| 14:16 | Build | Mining Camp |
| 14:20 | Build | Farm |
| 14:27 | Queue | Villager (Male) |
| 14:32 | Build | Stone Wall |
| 14:36 | Build | Farm |
| 14:39 | Build | Farm |
| 15:04 | Queue | Villager (Male) |
| 15:04 | Queue | Villager (Male) |
| 15:09 | Queue | Villager (Male) |
| 15:26 | Build | Blacksmith |
| 16:06 | Build | Market |
| 16:09 | Queue | Villager (Male) |
| 16:19 | Build | House |
| 16:42 | Research | Wheelbarrow |
| 17:01 | Build | House |
| 17:07 | Build | House |
| 17:15 | Build | Gate |
| 17:19 | Build | Gate |
| 17:28 | Build | House |
| 17:37 | Build | House |
| 17:41 | Research | Castle Age |
| 18:48 | Queue | Villager (Male) |
| 18:57 | Build | Farm |
| 19:35 | Age | Castle Age |
| 19:36 | Build | Gate |
| 19:39 | Build | Gate |
| 19:42 | Build | House |
| 19:48 | Build | Town Center |
| 19:50 | Research | Bow Saw |
| 20:01 | Queue | Villager (Male) |
| 20:13 | Build | Town Center |
| 20:23 | Queue | Villager (Male) |
| 20:40 | Research | Heavy Plow |
| 20:51 | Queue | Villager (Male) |
| 20:52 | Queue | Villager (Male) |
| 21:18 | Build | Town Center |
| 21:21 | Build | Farm |
| 21:22 | Build | Farm |
| 21:23 | Queue | Villager (Male) |
| 21:32 | Queue | Villager (Male) |
| 21:44 | Build | Siege Workshop |
| 21:48 | Queue | Villager (Male) |
| 21:51 | Queue | Villager (Male) |
| 21:52 | Queue | Villager (Male) |
| 21:52 | Queue | Villager (Male) |
| 21:52 | Queue | Villager (Male) |
| 21:52 | Queue | Villager (Male) |
| 21:52 | Queue | Villager (Male) |
| 22:05 | Research | Hand Cart |
| 22:20 | Research | Fletching |
| 22:22 | Queue | Mangonel |
| 22:33 | Queue | Villager (Male) |
| 22:34 | Queue | Villager (Male) |
| 22:34 | Queue | Villager (Male) |
| 22:44 | Build | Barracks |
| 22:45 | Queue | Villager (Male) |
| 22:45 | Queue | Villager (Male) |
| 23:03 | Queue | Mangonel |
| 23:04 | Queue | Mangonel |
| 23:04 | Queue | Villager (Male) |
| 23:05 | Queue | Villager (Male) |
| 23:15 | Queue | Villager (Male) |
| 23:34 | Queue | Villager (Male) |
| 23:36 | Build | Farm |
| 23:37 | Build | Farm |
| 23:37 | Queue | Villager (Male) |
| 23:38 | Queue | Villager (Male) |
| 23:46 | Build | Farm |
| 23:46 | Build | Farm |
| 23:46 | Build | Farm |
| 23:46 | Build | Farm |
| 23:47 | Build | Farm |
| 23:47 | Build | Farm |
| 23:54 | Build | Farm |
Build order — [SotC] Gandalf
First 150 of 209 actions detected
| 0:03 | Queue | Villager (Male) |
| 0:03 | Queue | Villager (Male) |
| 0:03 | Queue | Villager (Male) |
| 0:04 | Queue | Villager (Male) |
| 0:05 | Build | House |
| 0:08 | Build | House |
| 1:26 | Queue | Villager (Male) |
| 1:59 | Queue | Villager (Male) |
| 2:02 | Build | Lumber Camp |
| 2:21 | Queue | Villager (Male) |
| 2:35 | Queue | Villager (Male) |
| 3:12 | Build | House |
| 3:15 | Queue | Villager (Male) |
| 3:53 | Queue | Villager (Male) |
| 4:06 | Build | Mill |
| 4:13 | Queue | Villager (Male) |
| 4:15 | Queue | Villager (Male) |
| 5:02 | Queue | Villager (Male) |
| 5:09 | Queue | Villager (Male) |
| 5:35 | Queue | Villager (Male) |
| 5:42 | Build | House |
| 5:52 | Queue | Villager (Male) |
| 6:34 | Research | Loom |
| 7:17 | Research | Feudal Age |
| 7:32 | Build | Mining Camp |
| 8:38 | Queue | Villager (Male) |
| 9:07 | Build | Barracks |
| 9:15 | Build | House |
| 9:27 | Age | Feudal Age |
| 9:30 | Research | Double-Bit Axe |
| 9:38 | Queue | Villager (Male) |
| 9:51 | Build | House |
| 10:02 | Build | Archery Range |
| 10:07 | Build | Archery Range |
| 10:19 | Queue | Villager (Male) |
| 10:46 | Queue | Villager (Male) |
| 10:53 | Queue | Archer |
| 10:59 | Queue | Archer |
| 10:59 | Queue | Archer |
| 11:02 | Queue | Villager (Male) |
| 11:14 | Build | Gate |
| 11:17 | Queue | Villager (Male) |
| 11:31 | Queue | Villager (Male) |
| 11:31 | Queue | Archer |
| 11:42 | Build | Farm |
| 11:55 | Queue | Archer |
| 11:56 | Queue | Villager (Male) |
| 11:57 | Queue | Archer |
| 12:06 | Build | Farm |
| 12:18 | Build | Mining Camp |
| 12:20 | Queue | Villager (Male) |
| 12:22 | Queue | Archer |
| 12:22 | Queue | Archer |
| 12:31 | Build | House |
| 12:37 | Build | House |
| 12:44 | Queue | Villager (Male) |
| 12:54 | Queue | Archer |
| 12:55 | Queue | Archer |
| 13:03 | Build | Farm |
| 13:11 | Queue | Villager (Male) |
| 13:11 | Queue | Archer |
| 13:19 | Build | House |
| 13:42 | Build | Blacksmith |
| 13:54 | Queue | Archer |
| 13:54 | Queue | Archer |
| 14:08 | Queue | Villager (Male) |
| 14:17 | Queue | Villager (Male) |
| 14:17 | Queue | Archer |
| 14:25 | Research | Horse Collar |
| 14:37 | Build | Farm |
| 14:42 | Build | House |
| 14:43 | Queue | Villager (Male) |
| 14:44 | Queue | Archer |
| 14:56 | Queue | Archer |
| 15:00 | Queue | Villager (Male) |
| 15:01 | Queue | Archer |
| 15:05 | Build | Farm |
| 15:12 | Build | House |
| 15:13 | Build | House |
| 15:15 | Build | House |
| 15:26 | Research | Fletching |
| 15:33 | Build | Farm |
| 15:35 | Queue | Villager (Male) |
| 15:38 | Queue | Archer |
| 16:08 | Queue | Villager (Male) |
| 16:08 | Queue | Archer |
| 16:16 | Build | Farm |
| 16:18 | Build | Farm |
| 16:19 | Queue | Villager (Male) |
| 16:19 | Queue | Archer |
| 16:23 | Build | House |
| 16:33 | Queue | Villager (Male) |
| 16:34 | Queue | Archer |
| 16:55 | Queue | Villager (Male) |
| 16:55 | Queue | Archer |
| 17:03 | Queue | Villager (Male) |
| 17:03 | Queue | Archer |
| 17:05 | Build | Farm |
| 17:07 | Build | Farm |
| 17:14 | Build | House |
| 17:34 | Build | Farm |
| 17:58 | Research | Town Watch |
| 18:20 | Build | Lumber Camp |
| 18:27 | Queue | Villager (Male) |
| 18:28 | Queue | Archer |
| 18:28 | Queue | Archer |
| 18:32 | Build | House |
| 18:34 | Build | House |
| 18:35 | Build | Farm |
| 18:48 | Queue | Villager (Male) |
| 18:49 | Queue | Archer |
| 18:53 | Build | Farm |
| 19:11 | Queue | Villager (Male) |
| 19:12 | Queue | Villager (Male) |
| 19:13 | Queue | Archer |
| 19:26 | Research | Wheelbarrow |
| 19:30 | Build | Farm |
| 19:50 | Build | Farm |
| 19:53 | Build | Market |
| 19:55 | Queue | Archer |
| 19:55 | Queue | Archer |
| 20:32 | Queue | Villager (Male) |
| 20:32 | Queue | Archer |
| 20:32 | Queue | Archer |
| 20:47 | Queue | Villager (Male) |
| 21:00 | Build | House |
| 21:01 | Build | House |
| 21:01 | Build | House |
| 21:01 | Build | House |
| 21:25 | Queue | Archer |
| 21:36 | Queue | Archer |
| 21:40 | Research | Castle Age |
| 21:53 | Build | Mining Camp |
| 22:01 | Build | Farm |
| 22:02 | Queue | Archer |
| 22:03 | Research | Gold Mining |
| 22:08 | Build | House |
| 22:10 | Build | House |
| 22:10 | Build | House |
| 22:19 | Research | Padded Archer Armor |
| 22:20 | Queue | Archer |
| 22:36 | Queue | Archer |
| 22:36 | Queue | Archer |
| 22:37 | Queue | Archer |
| 22:47 | Queue | Villager (Male) |
| 22:49 | Build | Farm |
| 22:50 | Queue | Archer |
| 22:55 | Queue | Archer |
| 22:58 | Build | Lumber Camp |
| 23:15 | Queue | Archer |
Match timeline
| 2:59 | RexMachina™ · wall_segment Palisade Wall x1 |
| 4:09 | Astronomical · wall_segment Palisade Wall x8 |
| 4:45 | Azulazar · wall_segment Palisade Wall x7 |
| 4:50 | Azulazar · wall_segment Palisade Wall x26 |
| 4:53 | Astronomical · wall_segment Palisade Wall x6 |
| 4:54 | Astronomical · wall_segment Palisade Wall x6 |
| 5:12 | RexMachina™ · wall_segment Palisade Wall x6 |
| 5:30 | no chat bad language · wall_segment Palisade Wall x11 |
| 5:41 | no chat bad language · wall_segment Palisade Wall x18 |
| 5:47 | RexMachina™ · wall_segment Palisade Wall x7 |
| 5:54 | Fabrizio 094455 · wall_segment Palisade Wall x12 |
| 6:04 | Fabrizio 094455 · wall_segment Palisade Wall x9 |
| 6:11 | no chat bad language · wall_segment Palisade Wall x20 |
| 6:24 | Fabrizio 094455 · wall_segment Palisade Wall x11 |
| 7:03 | Fabrizio 094455 · wall_segment Palisade Wall x1 |
| 7:04 | Azulazar · wall_segment Palisade Wall x12 |
| 7:12 | Astronomical · wall_segment Palisade Wall x17 |
| 7:13 | RexMachina™ · wall_segment Palisade Wall x12 |
| 7:31 | no chat bad language · wall_segment Palisade Wall x14 |
| 8:12 | Azulazar · wall_segment Palisade Wall x23 |
| 8:14 | RexMachina™ · wall_segment Palisade Wall x2 |
| 8:16 | RexMachina™ · age_up feudal |
| 8:25 | no chat bad language · wall_segment Palisade Wall x7 |
| 8:33 | RexMachina™ · wall_segment Stone Wall x16 |
| 9:07 | [SotC] Gandalf · first_building Barracks |
| 9:27 | [SotC] Gandalf · age_up feudal |
| 9:35 | boo · age_up feudal |
| 9:35 | Astronomical · age_up feudal |
| 9:38 | Astronomical · first_building Stable |
| 9:46 | RexMachina™ · wall_segment Stone Wall x3 |
| 9:51 | RexMachina™ · wall_segment Stone Wall x1 |
| 9:53 | RexMachina™ · wall_segment Stone Wall x7 |
| 10:02 | [SotC] Gandalf · first_building Archery Range |
| 10:07 | Astronomical · wall_segment Palisade Wall x7 |
| 10:09 | Astronomical · wall_segment Palisade Wall x4 |
| 10:18 | RexMachina™ · wall_segment Stone Wall x1 |
| 10:26 | no chat bad language · first_building Barracks |
| 10:31 | boo · first_market_sell 100 wood |
| 10:37 | Fabrizio 094455 · age_up feudal |
| 10:56 | Astronomical · wall_segment Palisade Wall x10 |
| 11:18 | Fabrizio 094455 · wall_segment Palisade Wall x3 |
| 11:21 | [SotC] Spirit · age_up feudal |
| 11:21 | Azulazar · age_up feudal |
| 11:28 | RexMachina™ · wall_segment Stone Wall x1 |
| 11:29 | RexMachina™ · wall_segment Stone Wall x1 |
| 11:29 | no chat bad language · age_up feudal |
| 11:31 | no chat bad language · first_building Stable |
| 11:37 | RexMachina™ · wall_segment Stone Wall x6 |
| 11:54 | Fabrizio 094455 · first_market_sell 100 stone |
| 11:58 | Fabrizio 094455 · first_market_buy 100 food |
| 11:58 | Azulazar · wall_segment Stone Wall x4 |
| 12:01 | Azulazar · wall_segment Stone Wall x13 |
| 12:07 | Azulazar · wall_segment Stone Wall x20 |
| 12:24 | Astronomical · wall_segment Stone Wall x17 |
| 13:12 | boo · first_building Barracks |
| 13:22 | RexMachina™ · wall_segment Stone Wall x5 |
| 13:43 | no chat bad language · wall_segment Stone Wall x5 |
| 13:51 | no chat bad language · wall_segment Stone Wall x17 |
| 13:57 | Astronomical · wall_segment Stone Wall x1 |
| 14:02 | boo · age_up castle |
| 14:16 | Fabrizio 094455 · wall_segment Palisade Wall x1 |
| 14:32 | RexMachina™ · wall_segment Stone Wall x4 |
| 14:36 | Fabrizio 094455 · wall_segment Stone Wall x5 |
| 14:45 | Astronomical · wall_segment Stone Wall x14 |
| 14:47 | Fabrizio 094455 · wall_segment Stone Wall x8 |
| 14:47 | Astronomical · wall_segment Stone Wall x7 |
| 14:50 | Fabrizio 094455 · age_up castle |
| 14:55 | boo · first_building Monastery |
| 15:03 | no chat bad language · wall_segment Stone Wall x6 |
| 15:07 | no chat bad language · wall_segment Stone Wall x3 |
| 15:15 | no chat bad language · age_up castle |
| 15:16 | [SotC] Spirit · age_up castle |
| 15:32 | [SotC] Spirit · first_building Castle |
| 16:18 | Azulazar · wall_segment Stone Wall x5 |
| 16:21 | Azulazar · wall_segment Stone Wall x7 |
| 16:25 | boo · first_building Siege Workshop |
| 16:29 | Azulazar · wall_segment Stone Wall x1 |
| 17:03 | Fabrizio 094455 · wall_segment Stone Wall x22 |
| 17:04 | Fabrizio 094455 · wall_segment Stone Wall x7 |
| 17:26 | boo · wall_segment Palisade Wall x1 |
| 17:38 | boo · wall_segment Palisade Wall x2 |
| 18:01 | Fabrizio 094455 · wall_segment Stone Wall x12 |
| 18:37 | Azulazar · age_up castle |
| 18:39 | boo · first_market_buy 100 food |
| 19:27 | Fabrizio 094455 · wall_segment Stone Wall x7 |
| 19:28 | Azulazar · wall_segment Stone Wall x1 |
| 19:35 | RexMachina™ · age_up castle |
| 19:58 | boo · wall_segment Palisade Wall x2 |
| 20:06 | Fabrizio 094455 · wall_segment Stone Wall x1 |
| 20:21 | Fabrizio 094455 · wall_segment Stone Wall x31 |
| 20:58 | Fabrizio 094455 · wall_segment Stone Wall x9 |
| 21:00 | Astronomical · first_market_buy 100 food |
| 21:01 | Astronomical · first_market_sell 100 wood |
| 21:14 | Azulazar · first_market_buy 100 food |
| 21:18 | boo · first_building Archery Range |
| 21:32 | Azulazar · wall_segment Stone Wall x22 |
| 21:34 | RexMachina™ · first_market_buy 100 wood |
| 21:35 | Azulazar · wall_segment Stone Wall x18 |
| 21:44 | RexMachina™ · first_building Siege Workshop |
| 22:31 | Fabrizio 094455 · wall_segment Stone Wall x6 |
| 22:41 | boo · wall_segment Palisade Wall x1 |
| 22:44 | RexMachina™ · first_building Barracks |
| 22:54 | Azulazar · wall_segment Stone Wall x1 |
| 24:00 | Azulazar · wall_segment Stone Wall x12 |
| 24:10 | Astronomical · age_up castle |
| 24:20 | [SotC] Gandalf · age_up castle |
| 24:34 | Fabrizio 094455 · first_building Castle |
| 24:44 | Azulazar · first_building Barracks |
| 25:00 | Fabrizio 094455 · first_building Barracks |
| 25:01 | RexMachina™ · first_building Stable |
| 25:07 | Azulazar · first_building Monastery |
| 25:48 | Fabrizio 094455 · first_building Stable |
| 25:49 | RexMachina™ · first_building Castle |
| 25:58 | RexMachina™ · wall_segment Stone Wall x1 |
| 26:15 | RexMachina™ · wall_segment Stone Wall x1 |
| 26:19 | RexMachina™ · wall_segment Stone Wall x1 |
| 26:43 | Astronomical · first_building Monastery |
| 27:08 | boo · first_building Castle |
| 27:13 | Astronomical · tribute_sent a jugador 1 |
| 27:13 | Astronomical · tribute_sent a jugador 2 |
| 27:13 | Astronomical · tribute_sent a jugador 3 |
| 27:13 | Astronomical · tribute_sent a jugador 5 |
| 27:13 | Astronomical · tribute_sent a jugador 6 |
| 27:13 | Astronomical · tribute_sent a jugador 7 |
| 27:13 | Astronomical · tribute_sent a jugador 8 |
| 27:49 | [SotC] Spirit · first_market_sell 100 wood |
| 28:13 | [SotC] Spirit · first_market_buy 100 wood |
| 28:18 | [SotC] Gandalf · first_building Castle |
| 28:36 | Fabrizio 094455 · first_building Monastery |
| 29:38 | Azulazar · first_market_sell 500 wood |
| 29:45 | boo · resign |
| 30:07 | Azulazar · first_building Castle |
[ AI ANALYSIS · 1 CREDIT ]
What really happened in this match?
Wolo.gg analyzes every decision: build order, eco, micro, common mistakes by bracket. Personalized analysis on WhatsApp or Discord in 30 seconds.
Civ guide
Incas
Perfil
Jugador #1713452